 Dungeon Crawl Stone Soup version 0.29.0-4-gdea44cf6ec (webtiles) character file.

Game seed: 10043057880402336314

1765 qw the Cleaver (level 8, -6/62 HPs)
             Began as a Demonspawn Cinder Acolyte on Sept 9, 2022.
             Was an Initiate of Ignis.
             Mangled by Duvessa
             ... wielding a +2 short sword of venom
              (7 damage)
             ... on level 7 of the Dungeon.
             The game lasted 00:02:54 (8721 turns).

qw the Cleaver (Demonspawn Cinder Acolyte)          Turns: 8721, Time: 00:02:55

Health: -6/62      AC: 14    Str: 17    XL:     8   Next: 79%
Magic:  9/9        EV:  9    Int: 16    God:    Ignis [......]
Gold:   252        SH:  4    Dex:  8    Spells: 9/9 levels left

rFire   + + .      SeeInvis .   Y - +0 hand axe (flame)
rCold   . . .      Faith    .   (no shield)
rNeg    . . .      Spirit   .   c - +0 scale mail
rPois   .          Reflect  .   r - +0 helmet
rElec   .          Harm     .   j - +0 cloak
rCorr   .          Rampage  .   e - +0 pair of gloves
Will    .....                   b - +0 pair of boots
Stlth   ..........              d - amulet of the acrobat
HPRegen 0.20/turn               i - ring of protection from fire
MPRegen 0.11/turn               (no ring)

@: lethally poisoned (-6 -> -29)
A: slimy green scales 2, demonic guardian 1, condensation shield
a: Renounce Religion, Rising Flame


You were on level 7 of the Dungeon.
You worshipped Ignis.
Ignis was noncommittal.
You visited 1 branch of the dungeon, and saw 7 of its levels.

You collected 384 gold pieces.
You spent 132 gold pieces at shops.


Innate Abilities, Weirdness & Mutations

You are mostly covered in slimy green scales. (AC +3)
A weak demonic guardian rushes to your aid.
A meltable shield of frost defends you. (SH +4)


   Skills:
 + Level 5.3 Fighting
 - Level 9.1 Axes
 - Level 3.6 Armour
 - Level 1.2 Dodging
 - Level 1.0 Spellcasting
 - Level 2.6 Fire Magic


You had 9 spell levels left.
You didn't know any spells.
Your spell library contained the following spells:

 Spells                   Type           Power      Damage    Failure   Level
 Scorch                   Fire           18%        2d5       36%         2

Inventory:

Hand Weapons
 Y - a +0 hand axe of flaming (weapon)
Armour
 b - a +0 pair of boots (worn)
 c - a +0 scale mail (worn)
 e - a +0 pair of gloves (worn)
 j - a +0 cloak (worn)
 r - a +0 helmet (worn)
 t - the +1 ring mail "Vafe Yme" {-Tele rF++}
   (You found it on level 4 of the Dungeon)

   rF:        It greatly protects you from fire.
   -Tele:     It prevents most forms of teleportation.
Jewellery
 d - an amulet of the acrobat (around neck)
 i - a ring of protection from fire (left hand)
 l - an amulet of regeneration
Scrolls
 f - a scroll of identify
Potions
 g - a potion of haste
 h - a potion of cancellation
 k - 2 potions of curing
 m - a potion of might {unknown}
 n - a potion of mutation {unknown}
 o - a potion of invisibility {unknown}
 u - a potion of attraction {unknown}

Dungeon Overview and Level Annotations

Branches:
Dungeon (7/15)             Temple (0/1) D:4

Altars:
Ashenzari
Makhleb
Qazlal
Trog
Uskayaw

Shops:
D:3 *

Annotations:
D:7 Dowan, Duvessa


Message History

You feel sick.
Dowan casts a spell at Duvessa.
Duvessa seems to speed up.
Duvessa hits you with a +2 short sword of venom.
You are more poisoned.
You barely miss Dowan.
Dowan is heavily wounded.
You barely miss Duvessa.
You feel very sick. Duvessa hits you but does no damage.
Dowan casts a spell.
Dowan blinks!
You barely miss Duvessa.
Duvessa is moderately wounded.
You feel very sick. You block Duvessa's attack.
Duvessa hits you with a +2 short sword of venom.
You are lethally poisoned!
You hit Duvessa. You burn Duvessa.
Duvessa is moderately wounded.
You feel very sick.
Dowan drinks a potion.
Dowan is healed!
You hit Duvessa. You burn Duvessa.
Duvessa is heavily wounded.
You feel very sick. You block Duvessa's attack. Dowan casts a spell at you.
You block the puff of frost.
You closely miss Duvessa.
Duvessa is heavily wounded.
You feel very sick.
Duvessa gestures with her weapon.
Duvessa hits you with a +2 short sword of venom!
A demonic guardian appears!
You are more poisoned.
You hit Duvessa but do no damage.
Duvessa is heavily wounded.
You feel very sick.
Duvessa hits you with a +2 short sword of venom!
You die...

######.........#
#.........#
#.........#
#.........#
#.........#
#####....##
#....# #....#
#@e..# #....#
#.5..# #e..)#
#....# #.....
#....## #....#


You could see Duvessa (fast), Dowan (ally target) and a friendly white imp
(summoned).

Vanquished Creatures
  2 water moccasins (D:5)
  2 sky beasts (D:7)
  3 ogres (D:6)
  A phantom (D:6)
  A bullfrog (D:7)
  A scorpion (D:5)
  2 necrophages (D:6)
  A howler monkey (D:5)
  2 jellies
  3 hounds
  An orc priest (D:3)
  2 gnoll boudas (D:4)
  An iguana (D:5)
  3 orc wizards
  15 gnolls
  7 adders
  A shadow imp (D:6)
  A white imp (D:5)
  2 ufetubi
  2 worms
  2 dart slugs
  7 orcs
  3 bats (D:3)
  8 endoplasms
  7 giant cockroaches
  5 goblins
  3 hobgoblins
  16 jackals
  3 kobolds
  8 quokkas
  2 ball pythons
  4 frilled lizards
  3 rats
124 creatures vanquished.

Vanquished Creatures (collateral kills)
  A scorpion (D:4)
  A gnoll bouda (D:6)
  2 gnolls
4 creatures vanquished.

Grand Total: 128 creatures vanquished

Notes
Turn   | Place    | Note
-------+----------+-------------------------------------------
     0 | D:1      | qw the Demonspawn Cinder Acolyte began the quest for the
                  | Orb.
     0 | D:1      | Reached XP level 1. HP: 18/18 MP: 2/2
     0 | D:1      | 0 ||| qw: Version: 0.1-a-113-g051387a
     0 | D:1      | 0 ||| qw: Game counter: 6997
     0 | D:1      | 0 ||| qw: Always use a shield: true
     0 | D:1      | 0 ||| qw: God list: Okawaru
     0 | D:1      | 0 ||| qw: Allow faded altars: false
     0 | D:1      | 0 ||| qw: Do Orc after D:15 true
     0 | D:1      | 0 ||| qw: Do second Lair branch before Depths: true
     0 | D:1      | 0 ||| qw: Lair rune preference: random
     0 | D:1      | 0 ||| qw: Plans: Normal
     0 | D:1      | 0 ||| PLANNING D:1-11
   238 | D:1      | Found a faded altar of an unknown god.
   326 | D:1      | Reached skill level 3 in Axes
   868 | D:1      | 868 ||| INVOKING Fiery Armour.
   869 | D:1      | Gained mutation: A meltable shield of frost defends you.
                  | (SH +4) [demonic ancestry]
   869 | D:1      | Reached XP level 2. HP: 12/24 MP: 3/3
  1688 | D:1      | 1688 ||| UPGRADING to +0 ring mail.
  1698 | D:1      | 1698 ||| DROPPING +0 robe.
  1699 | D:1      | 1699 ||| UPGRADING to amulet of the acrobat.
  1704 | D:1      | 1704 ||| UPGRADING to ring of protection from fire.
  1705 | D:1      | 1705 ||| READING scroll labelled BUT SIPINUE.
  1706 | D:1      | 1706 ||| READING scroll labelled SOISOGHUOGH.
  1709 | D:1      | 1709 ||| READING 2 scrolls labelled TYDIDW OMPA.
  1710 | D:1      | 1710 ||| READING scroll labelled ZAFEST EVAI.
  1711 | D:1      | 1711 ||| READING scroll labelled LOMIAZUUPS.
  1712 | D:1      | 1712 ||| DRINKING 2 glowing golden potions.
  1816 | D:1      | 1816 ||| DROPPING scroll of immolation.
  1817 | D:1      | 1817 ||| DROPPING potion of berserk rage.
  2121 | D:2      | 2121 ||| Stepping ~*~*~tactically~*~*~ (stealth).
  2123 | D:2      | 2123 ||| Stepping ~*~*~tactically~*~*~ (stealth).
  2125 | D:2      | 2125 ||| Stepping ~*~*~tactically~*~*~ (stealth).
  2128 | D:2      | 2128 ||| Stepping ~*~*~tactically~*~*~ (stealth).
  2130 | D:2      | Gained mutation: You are partially covered in slimy green
                  | scales. (AC +2) [demonic ancestry]
  2130 | D:2      | Reached XP level 3. HP: 29/29 MP: 4/4
  2139 | D:2      | 2139 ||| INVOKING Fiery Armour.
  2143 | D:2      | Reached skill level 4 in Axes
  2517 | D:2      | 2517 ||| Stepping ~*~*~tactically~*~*~ (stealth).
  2534 | D:2      | 2534 ||| Stepping ~*~*~tactically~*~*~ (stealth).
  2538 | D:2      | 2538 ||| Stepping ~*~*~tactically~*~*~ (stealth).
  2586 | D:2      | Reached XP level 4. HP: 24/35 MP: 5/5
  2719 | D:2      | 2719 ||| UPGRADING to +0 pair of boots.
  2724 | D:2      | 2724 ||| DROPPING orb of energy.
  2725 | D:2      | 2725 ||| DROPPING amulet of magic regeneration.
  2726 | D:2      | 2726 ||| READING scroll labelled FOTYQO OTIMN.
  2727 | D:2      | 2727 ||| READING scroll labelled OLAUVEIRYT.
  2828 | D:2      | 2828 ||| DRINKING 2 bubbling inky potions.
  2843 | D:3      | 2843 ||| INVOKING Fiery Armour.
  2848 | D:3      | 2848 ||| DRINKING potion of curing.
  2848 | D:3      | 2848 ||| (to cure confusion)
  2851 | D:3      | Reached skill level 5 in Axes
  2880 | D:3      | Identified the +0 whip "Sariontaroa" {protect, Int+2}
  3046 | D:3      | Found a broken altar of Ashenzari.
  3050 | D:3      | Saw a vision of the Shoals and the Spider Nest.
  3050 | D:3      | Noticed a pharaoh ant
  3050 | D:3      | Noticed a wolf spider
  3050 | D:3      | Noticed an entropy weaver
  3050 | D:3      | Noticed a jumping spider
  3050 | D:3      | Noticed a wolf spider
  3050 | D:3      | Noticed an entropy weaver
  3050 | D:3      | Noticed a steelbarb worm
  3050 | D:3      | Noticed a moth of wrath
  3050 | D:3      | Noticed a redback
  3050 | D:3      | Noticed a merfolk
  3050 | D:3      | Noticed a sea snake
  3050 | D:3      | Noticed a harpy
  3050 | D:3      | Noticed a merfolk
  3050 | D:3      | Noticed a sea snake
  3050 | D:3      | Noticed a tarantella
  3050 | D:3      | Noticed a tarantella
  3050 | D:3      | Noticed a merfolk
  3050 | D:3      | Noticed a tarantella
  3051 | D:3      | Noticed a boulder beetle
  3054 | D:3      | Noticed a redback
  3054 | D:3      | Noticed a jumping spider
  3056 | D:3      | Noticed a culicivora
  3160 | D:3      | Gained mutation: A weak demonic guardian rushes to your
                  | aid. [demonic ancestry]
  3160 | D:3      | Reached XP level 5. HP: 39/41 MP: 6/6
  3226 | D:3      | Found Waeproeng's Assorted Antiques.
  3247 | D:3      | 3247 ||| BUYING potion of curing (66 gold).
  3247 | D:3      | Bought a potion of curing for 66 gold pieces
  3247 | D:3      | 3247 ||| BUYING potion of curing (66 gold).
  3247 | D:3      | Bought a potion of curing for 66 gold pieces
  3247 | D:3      | 3247 ||| SHOPLISTING scroll labelled POYTIG LE ORPH (22
                  | gold, have 8).
  3258 | D:3      | 3258 ||| Stepping ~*~*~tactically~*~*~ (hiding).
  3477 | D:3      | Noticed an angel
  3594 | D:3      | 3594 ||| UPGRADING to +0 scale mail.
  3604 | D:3      | 3604 ||| DROPPING +0 ring mail.
  3605 | D:3      | 3605 ||| DRINKING 3 sedimented yellow potions.
  3606 | D:3      | 3606 ||| READING 3 scrolls of identify.
  3606 | D:3      | 3606 ||| IDENTIFYING yellow potion
  3607 | D:3      | 3607 ||| READING 2 scrolls of identify.
  3607 | D:3      | 3607 ||| IDENTIFYING viscous clear potion
  3608 | D:3      | 3608 ||| DROPPING potion of flight.
  3609 | D:3      | 3609 ||| DROPPING potion of lignification.
  3659 | D:4      | 3659 ||| Stepping ~*~*~tactically~*~*~ (stealth).
  3667 | D:4      | 3667 ||| Stepping ~*~*~tactically~*~*~ (stealth).
  3670 | D:4      | Reached skill level 1 in Armour
  3672 | D:4      | 3672 ||| Stepping ~*~*~tactically~*~*~ (stealth).
  3673 | D:4      | 3673 ||| Stepping ~*~*~tactically~*~*~ (stealth).
  3871 | D:4      | Found a staircase to the Ecumenical Temple.
  3920 | D:4      | 3920 ||| INVOKING Fiery Armour.
  3930 | D:4      | Reached skill level 1 in Dodging
  3932 | D:4      | HP: 6/41 [gnoll/+0 halberd[a gnoll bouda] (10)]
  3933 | D:4      | 3933 ||| DRINKING 2 potions of heal wounds.
  3937 | D:4      | Reached XP level 6. HP: 18/47 MP: 7/7
  3942 | D:4      | HP: 11/47 [poisoned by a scorpion]
  4282 | D:4      | Reached skill level 6 in Axes
  4376 | D:4      | 4376 ||| Stepping ~*~*~tactically~*~*~ (stealth).
  4377 | D:4      | 4377 ||| Stepping ~*~*~tactically~*~*~ (stealth).
  4378 | D:4      | 4378 ||| INVOKING Fiery Armour.
  4379 | D:4      | 4379 ||| Stepping ~*~*~tactically~*~*~ (stealth).
  4389 | D:4      | 4389 ||| Stepping ~*~*~tactically~*~*~ (stealth).
  4411 | D:4      | 4411 ||| Stepping ~*~*~tactically~*~*~ (stealth).
  4415 | D:4      | 4415 ||| Stepping ~*~*~tactically~*~*~ (stealth).
  4416 | D:4      | 4416 ||| Stepping ~*~*~tactically~*~*~ (stealth).
  4493 | D:4      | 4493 ||| INVOKING Fiery Armour.
  4639 | D:4      | Found a burning altar of Makhleb.
  4705 | D:4      | Identified the +1 ring mail "Vafe Yme" {-Tele rF++}
  4774 | D:4      | 4774 ||| INVOKING Fiery Armour.
  4776 | D:4      | 4776 ||| Stepping ~*~*~tactically~*~*~ (hiding).
  4899 | D:4      | 4899 ||| UPGRADING to +0 helmet.
  4904 | D:4      | 4904 ||| READING scroll labelled WIABBA NEYMA.
  4905 | D:4      | 4905 ||| READING scroll labelled BITINU BACRANG.
  4906 | D:4      | 4906 ||| DRINKING 2 viscous brown potions.
  4907 | D:4      | 4907 ||| READING 2 scrolls of identify.
  4907 | D:4      | 4907 ||| IDENTIFYING fizzy ruby potion
  4908 | D:4      | 4908 ||| DROPPING potion of degeneration.
  4909 | D:4      | 4909 ||| READING scroll of teleportation.
  4933 | D:5      | Entered Level 5 of the Dungeon
  4966 | D:5      | 4966 ||| Stepping ~*~*~tactically~*~*~ (hiding).
  5088 | D:5      | 5088 ||| INVOKING Fiery Armour.
  5091 | D:5      | Gained mutation: You are mostly covered in slimy green
                  | scales. (AC +3) [demonic ancestry]
  5091 | D:5      | Reached XP level 7. HP: 14/54 MP: 8/8
  5091 | D:5      | HP: 13/54 [poisoned by a scorpion]
  5096 | D:5      | HP: 7/54 [poisoned by a scorpion]
  5533 | D:5      | 5533 ||| Stepping ~*~*~tactically~*~*~ (stealth).
  5581 | D:5      | 5581 ||| INVOKING Fiery Armour.
  5587 | D:5      | Reached skill level 7 in Axes
  5615 | D:5      | 5615 ||| Stepping ~*~*~tactically~*~*~ (stealth).
  5623 | D:5      | 5623 ||| Stepping ~*~*~tactically~*~*~ (stealth).
  5806 | D:5      | Found a bloodstained altar of Trog.
  6176 | D:5      | Found a stormy altar of Qazlal.
  6179 | D:5      | Noticed a water elemental
  6179 | D:5      | Noticed an air elemental
  6179 | D:5      | Noticed a fire elemental
  6346 | D:5      | 6346 ||| DROPPING orb of guile.
  6347 | D:5      | 6347 ||| DRINKING 2 purple potions.
  6348 | D:5      | 6348 ||| DROPPING potion of brilliance.
  6371 | D:6      | 6371 ||| PLANNING SEWER
  6507 | D:6      | 6507 ||| INVOKING Fiery Armour.
  6771 | D:6      | 6771 ||| INVOKING Fiery Armour.
  6774 | D:6      | Reached skill level 8 in Axes
  6774 | D:6      | Reached XP level 8. HP: 16/60 MP: 9/9
  6774 | D:6      | HP: 13/60 [gnoll/+0 spear[a gnoll bouda] (3)]
  6775 | D:6      | 6775 ||| READING 2 scrolls of teleportation.
  6776 | D:6      | 6776 ||| DRINKING potion of heal wounds.
  6780 | D:6      | 6780 ||| FLEEEEING.
  6783 | D:6      | 6783 ||| FLEEEEING.
  6784 | D:6      | 6784 ||| FLEEEEING.
  6785 | D:6      | 6785 ||| FLEEEEING.
  6786 | D:6      | 6786 ||| FLEEEEING.
  6788 | D:6      | 6788 ||| STAIRDANCE
  6819 | D:5      | 6819 ||| Stepping ~*~*~tactically~*~*~ (stealth).
  6869 | D:5      | 6869 ||| UPGRADING to +0 pair of gloves.
  6874 | D:5      | 6874 ||| Stepping ~*~*~tactically~*~*~ (stealth).
  6875 | D:5      | 6875 ||| READING 2 scrolls of identify.
  6875 | D:5      | 6875 ||| IDENTIFYING emerald potion
  6985 | D:6      | Found a hide-covered altar of Uskayaw.
  7053 | D:6      | 7053 ||| Stepping ~*~*~tactically~*~*~ (stealth).
  7055 | D:6      | 7055 ||| Stepping ~*~*~tactically~*~*~ (hiding).
  7063 | D:6      | 7063 ||| RIP SEWER
  7162 | D:6      | 7162 ||| PLANNING D:1-11
  7351 | D:6      | 7351 ||| Stepping ~*~*~tactically~*~*~ (water).
  7566 | D:6      | 7566 ||| INVOKING Fiery Armour.
  7822 | D:6      | Reached skill level 9 in Axes
  8027 | D:6      | 8027 ||| READING scroll labelled QEJAMA FUCSOVA.
  8112 | D:7      | 8112 ||| Stepping ~*~*~tactically~*~*~ (hiding).
  8129 | D:7      | HP: 14/62 [poisoned by a water moccasin]
  8130 | D:7      | 8130 ||| READING scroll of teleportation.
  8132 | D:7      | HP: 6/62 [poisoned by a water moccasin]
  8134 | D:7      | HP: 2/62 [poisoned by a water moccasin]
  8136 | D:7      | 8136 ||| DRINKING 3 potions of curing.
  8136 | D:7      | 8136 ||| (to cure poison)
  8238 | D:7      | 8238 ||| Invisible monster not found???
  8461 | D:7      | Reached skill level 3 in Armour
  8564 | D:7      | 8564 ||| FLEEEEING.
  8570 | D:7      | 8570 ||| STAIRDANCE
  8676 | D:6      | 8676 ||| UPGRADING to +0 cloak.
  8681 | D:6      | 8681 ||| DRINKING 2 ruby potions.
  8682 | D:6      | 8682 ||| DROPPING potion of magic.
  8704 | D:7      | Noticed Duvessa
  8704 | D:7      | Noticed Dowan
  8720 | D:7      | HP: 15/62 [poisoned by Duvessa]
  8720 | D:7      | HP: 7/62 [Duvessa/+2 short sword of venom (8)]
  8721 | D:7      | HP: 1/62 [poisoned by Duvessa]
  8721 | D:7      | Mangled by Duvessa

Levels and vault maps discovered:
D:1:      dpeg_arrival_court, layout_basic, ebering_ecumenical_altar_mist
D:2:      layout_rooms, corner_web_ring, minmay_pentomino_q4
D:3:      layout_loops_ring, zin_angel, grunt_ashenzari_visionary
          [grunt_ashenzari_visionary_shoals, grunt_ashenzari_visionary_spider],
          serial_shops, nicolae_diamond_shop
D:4:      layout_cave_pools, lightli_temple_of_fire,
          minmay_temple_entry_glassed_door
D:5:      layout_cave_pools, nicolae_qazlal_style_of_elements, trog_book,
          serial_glass, glass_columns_a, glass_columns_b,
          chequers_decorated_corner, nrook_mini_backslash
D:6:      layout_basic, elyvilon_altar_5, old_standard_altar,
          gup_sewer_entry_pipe
D:7:      layout_basic, serial_shops, shop, minmay_fractal_squares_5,
          uniq_duvessa

Skill      XL: |  1  2  3  4  5  6  7  8 |
---------------+-------------------------+-----
Axes           | 3 4 5 6 8 9 |  9.1
Armour         | 1 2 3 |  3.6
Dodging        | 1 |  1.2
Fighting       | 4 5 |  5.3
Spellcasting   | |  1.0
Fire Magic     | |  2.6

Action                   |  1- 3 |  4- 6 |  7- 9 || total
-------------------------+-------+-------+-------++-------
Melee: Hand axe          |   123 |   214 |   244 ||   581
       Punch             |       |     3 |     1 ||     4
Invok: Fiery Armour      |     2 |     6 |     4 ||    12
  Use: Scroll            |     5 |     8 |     4 ||    17
       Potion            |     1 |     5 |     4 ||    10
Armor: Robe              |    10 |       |       ||    10
       Ring mail         |    34 |    17 |       ||    51
       Scale mail        |       |    63 |   108 ||   171
Dodge: Dodged            |    57 |    97 |    74 ||   228
Block: Other             |    16 |    37 |    39 ||    92

Table legend:
 A = Non-vault XP
 B = Vault XP
 C = Vault XP percentage of total XP
 D = Non-vault monster count
 E = Vault monster count
 F = Vault count percentage of total count
                 A         B        C        D         E       F
            +---------+---------+-------+---------+---------+-------
      Total |    2252 |     270 |  10.7 |     113 |      15 |  11.7
            +---------+---------+-------+---------+---------+-------
        D:1 |      22 |       0 |   0.0 |      13 |       0 |   0.0
        D:2 |      50 |      32 |  39.0 |      19 |       4 |  17.4
        D:3 |     103 |       0 |   0.0 |      14 |       0 |   0.0
        D:4 |     463 |       0 |   0.0 |      35 |       0 |   0.0
        D:5 |     645 |       0 |   0.0 |      14 |       0 |   0.0
        D:6 |     839 |      18 |   2.1 |      16 |       9 |  36.0
        D:7 |     130 |     220 |  62.9 |       2 |       2 |  50.0
            +---------+---------+-------+---------+---------+-------
